 Dungeon Sprint DCSS version 0.31-a0-851-g7ff8af7976 (webtiles) character file.

Game seed: 13397870440839792275

11435 sircluck the Brawler (level 11, -4/180 HPs)
             Began as a Troll Berserker on Oct 6, 2023.
             Was the Champion of Trog.
             Slain by a cyclops (16 damage)
             ... in the Dungeon (Sprint V: "Ziggurat Sprint").
             The game lasted 00:04:30 (721 turns).

sircluck the Brawler (Troll Berserker)               Turns: 721, Time: 00:04:31

Health: -4/180     AC: 25    Str: 43    XL:     11   Next: 49%
Magic:  10/10      EV:  3    Int:  3    God:    Trog [******]
Gold:   0          SH: 29    Dex:  9    Spells: 10/10 levels left

rFire   + .          .
                       - Unarmed
rCold   + . .        x - +18 shield of the Gong {Loud rN+ Will+ rCorr EV-5}
rNeg    + . .        y - +5 gold dragon scales
rPois   +            (helmet restricted)
rElec   .            (no cloak)
rCorr   +            (gloves unavailable)
SInv    .            (boots unavailable)
Will    +....        C - amulet of faith Stlth
                     t - +6 ring of strength
HPRegen 1.30/turn    u - +6 ring of strength
MPRegen 0.12/turn

%: no teleportation, faith
@: berserking (expiring), lethally poisoned (-4 -> -5), studying Unarmed Combat,
very quick
A: large, unfitting armour, claws 3, regeneration 1, shaggy fur 1, tough skin 1
a: Renounce Religion, Berserk, Trog's Hand, Brothers in Arms


You were in the Dungeon.
You worshipped Trog.
Trog was exalted by your worship.
You visited 1 branch

Inventory:

Armour
 a - a +0 animal skin
 x - the +18 shield of the Gong (worn) {Loud rN+ Will+ rCorr EV-5}
   (You found it in the Dungeon)

   Loud:      It is deafeningly noisy when blocking attacks.
   EV-5:      It affects your evasion (-5).
   rN+:       It protects you from negative energy.
   Will+:     It increases your willpower.
   rCorr:     It protects you from acid and corrosion.
 y - +5 gold dragon scales (worn)
Jewellery
 j - a ring of protection from cold
 o - a ring of flight
 p - a +6 ring of dexterity
 q - a +6 ring of dexterity
 r - a +6 ring of intelligence
 s - a +6 ring of intelligence
 t - a +6 ring of strength (left claw)
 u - a +6 ring of strength (right claw)
 z - a +6 ring of intelligence
 B - an amulet of reflection
 C - an amulet of faith (around neck)
 E - a +5 ring of evasion
Wands
 v - a wand of mindburst (20)
 w - a wand of quicksilver (13)
 A - a wand of charming (5)
 D - a wand of polymorph (6)
Scrolls
 g - 4 scrolls of blinking
 l - 8 scrolls of fog
 m - 5 scrolls of identify
 n - 2 scrolls of fear
Potions
 b - 10 potions of curing
 c - 13 potions of heal wounds
 d - 6 potions of haste
 e - 7 potions of magic
 f - 3 potions of berserk rage
 h - 2 potions of invisibility
 i - 4 potions of resistance
 k - 6 potions of might


   Skills:
 + Level 11.1 Fighting
 + Level 11.1 Armour
 + Level 11.5 Dodging
 + Level 12.1 Shields
 + Level 15.0 Unarmed Combat


You had 10 spell levels left.
You didn't know any spells.
Your spell library was empty.

Dungeon Overview and Level Annotations

Branches:
Dungeon (1/1)

Altars:
Ashenzari
Cheibriados
Dithmenos
Elyvilon
Fedhas
Gozag
Hepliaklqana
Kikubaaqudgha
Makhleb
Nemelex Xobeh
Okawaru
Qazlal
Ru
Sif Muna
Trog
Uskayaw
Vehumet
Wu Jian
Xom
Yredelemnul
Zin
The Shining One
Jiyva
Lugonu

Annotations:
D 1 transporter


Innate Abilities, Weirdness & Mutations

You are too large for most types of armour.
You have claws for hands.
Your natural rate of healing is unusually fast.
You are covered in fur. (AC +1)
You have tough skin. (AC +1)


Message History

You are poisoned.
You eviscerate the centaur warrior!!!
You kill the centaur warrior!
Trog accepts your kill.
You feel sick.
The merfolk javelineer throws a silver javelin.
The silver javelin pierces through you but does no damage.
* * * LOW HITPOINT WARNING * * *
You block the centaur's attack.
PANG!
You block the centaur's attack.
BOUMMMMG!
You block the cyclops's attack.
PANG!
The cyclops hits you.
* * * LOW HITPOINT WARNING * * *
Your Unarmed Combat skill increases to level 15!
Unknown command.
Unknown command.
Unknown command.
You claw the yaktaur captain!
The yaktaur captain is moderately wounded.
You block the yaktaur's attack.
BONNNG!
You block the yaktaur captain's attack.
GONNNNG!
You block the merfolk javelineer's attack.
GONNNNG!
You eviscerate the yaktaur captain!!!
The yaktaur captain is almost dead.
You feel sick.
The yaktaur hits you but does no damage.
You writhe in agony.
* * * LOW HITPOINT WARNING * * *
You barely miss the yaktaur captain.
The yaktaur captain is almost dead.
You block the cyclops's attack.
GONNNNG!
The cyclops hits you!
You die...

▓....©....
▓▓▓▓▓▓▓▓▓▓▓▓▓▓▓▓▓▓▓▓▓▓
▓...8©8...▓...8©8...▓.
▓..)|.%...▓....|||..▓.
▓../[:/)..▓..[||)|..▓.
▓.........▓.........▓.
▓....C....▓.........▓.
▓...mcC...▓.........▓.
▓..cc@C...▓.........▓.
▓..▓c.)▓..▓...†.†...▓.
▓.........▓.▓..)†.▓.▓.
▓....©....▓...†©....▓▓
▓▓▓▓▓▓▓▓▓▓▓▓▓▓▓▓▓▓▓▓▓


You could see 2 yaktaur captains, a merfolk javelineer, 3 cyclopes, a yaktaur
and a centaur.

Vanquished Creatures
  A stone giant (D)
  A white draconian (D)
  A centaur warrior (D)
  A jorogumo (D)
  A dancing weapon (D)
  A demonic crawler (D)
  A deep elf knight (D)
  A deep elf archer (D)
  A deep elf zephyrmancer (D)
  2 wolf spiders (D)
  4 draconians (D)
  A hornet (D)
  A slime creature (D)
  2 hell hounds (D)
  2 orc warriors (D)
  A centaur (D)
  2 necrophages (D)
  2 wights (D)
  A crimson imp (D)
  2 jellies (D)
  6 orc priests (D)
  An orc wizard (D)
  3 mummies (D)
  An adder (D)
  An adder zombie (D)
  An adder skeleton (D)
  4 orcs (D)
  2 bat skeletons (D)
  A ball python (D)
  A ball python simulacrum (D)
  A ball python skeleton (D)
  A ball python zombie (D)
  A giant cockroach zombie (D)
  A jackal skeleton (D)
  A jackal zombie (D)
  A quokka zombie (D)
56 creatures vanquished.

Vanquished Creatures (collateral kills)
  A mummy priest (D)
  A demonic crawler (D)
  A draconian (D)
  A torpor snail (D)
  A guardian mummy (D)
  2 hornets (D)
  A tarantella (D)
  An ushabti (D)
  A bat zombie (D)
10 creatures vanquished.

Vanquished Creatures (others)
  A bat skeleton (D)
1 creature vanquished.

Grand Total: 67 creatures vanquished

Notes
Turn   | Place    | Note
-------+----------+-------------------------------------------
     0 | D        | sircluck the Troll Berserker began the quest for the Orb.
     0 | D        | Reached XP level 1. HP: 22/22 MP: 0/0
     0 | D        | Found a shimmering blue altar of Sif Muna.
     0 | D        | Found a sacrificial altar of Ru.
     0 | D        | Found a bloodstained altar of Trog.
     0 | D        | Found a stormy altar of Qazlal.
     0 | D        | Found an iron altar of Okawaru.
     0 | D        | Found a sparkling altar of Nemelex Xobeh.
     0 | D        | Found a blossoming altar of Fedhas.
     0 | D        | Found the +6 Majin-Bo {spellvamp, MP+6 Int+6}
     0 | D        | Found the +27 heavy crossbow "Sniper" {heavy, Acc+∞ SInv}
     0 | D        | Found the +10 dark maul {heavy}
     0 | D        | Found the +15 Maxwell's patent armour {-Cast -Tele rElec
                  | Will+ rCorr}
     0 | D        | Found the +18 shield of the Gong {Loud rN+ Will+ rCorr
                  | EV-5}
     0 | D        | Found the +16 obsidian axe {drain, demonic, Mesm Drain Fly
                  | SInv}
     0 | D        | Found the +7 great mace "Firestarter" {flame, immolate,
                  | rFlCloud rF++}
     0 | D        | Found the +6 shillelagh "Devastator" {shatter}
     0 | D        | Found the +11 plutonium sword {Contam Stlth-}
     0 | D        | Found the +8 lance "Wyrmbane" {slay drac, rPois rF+ rC+
                  | AC+3}
     0 | D        | Found the +9 sword of Zonguldrok {reap}
     0 | D        | Found the +13 scythe of Curses {drain, curses, Drain}
     0 | D        | Found the +9 sword of Power {lifebolt}
     0 | D        | Found the +7 mace of Variability {chaos, chaos arc}
     0 | D        | Found the +11 Singing Sword {sonic wave}
     0 | D        | Found the +8 storm bow {elec, penet}
     2 | D        | Found a transporter.
     2 | D        | Found an ancient bone altar of Kikubaaqudgha.
     2 | D        | Found a viscous altar of Jiyva.
     2 | D        | Found a corrupted altar of Lugonu.
     2 | D        | Found a hazy altar of Hepliaklqana.
     2 | D        | Found a burning altar of Makhleb.
     2 | D        | Found an opulent altar of Gozag.
    74 | D        | Reached skill level 5 in Unarmed Combat
    74 | D        | Reached XP level 2. HP: 29/29 MP: 1/1
   119 | D        | Entered arena 2.
   119 | D        | Found a transporter.
   129 | D        | Entered arena 3.
   129 | D        | Noticed a slime creature
   129 | D        | Found a transporter.
   135 | D        | Killed a slime creature
   135 | D        | Reached ** piety under Trog
   136 | D        | Reached skill level 5 in Dodging
   136 | D        | Reached skill level 7 in Unarmed Combat
   136 | D        | Reached XP level 3. HP: 39/39 MP: 2/2
   136 | D        | Reached XP level 4. HP: 48/48 MP: 3/3
   136 | D        | Reached XP level 5. HP: 54/54 MP: 4/4
   138 | D        | Reached skill level 5 in Shields
   268 | D        | Entered arena 4.
   268 | D        | Noticed a deep elf archer
   268 | D        | Noticed a deep elf knight
   268 | D        | Noticed a +3 hand axe of distortion
   268 | D        | Noticed a deep elf zephyrmancer
   268 | D        | Found a transporter.
   276 | D        | Killed a +3 hand axe of distortion
   277 | D        | Reached skill level 8 in Unarmed Combat
   277 | D        | Reached XP level 6. HP: 44/67 MP: 5/5
   277 | D        | Reached XP level 7. HP: 49/75 MP: 6/6
   282 | D        | Killed a deep elf knight
   282 | D        | Reached *** piety under Trog
   283 | D        | Reached skill level 9 in Unarmed Combat
   283 | D        | Reached XP level 8. HP: 49/87 MP: 7/7
   285 | D        | Killed a deep elf zephyrmancer
   286 | D        | Reached skill level 10 in Unarmed Combat
   298 | D        | Killed a deep elf archer
   298 | D        | Reached **** piety under Trog
   299 | D        | Reached XP level 9. HP: 35/96 MP: 8/8
   347 | D        | Entered arena 5.
   347 | D        | Found a transporter.
   354 | D        | Reached ***** piety under Trog
   359 | D        | Entered arena 6.
   359 | D        | Found a transporter.
   371 | D        | Received a gift from Trog
   380 | D        | Entered arena 7.
   380 | D        | Noticed a white draconian
   380 | D        | Noticed a draconian
   380 | D        | Noticed a draconian
   380 | D        | Noticed a draconian
   380 | D        | Noticed a draconian
   380 | D        | Noticed a draconian
   382 | D        | Found a transporter.
   383 | D        | Killed a draconian
   388 | D        | Killed a draconian
   389 | D        | Reached skill level 11 in Unarmed Combat
   394 | D        | Killed a white draconian
   400 | D        | Killed a draconian
   401 | D        | Reached XP level 10. HP: 107/107 MP: 9/9
   405 | D        | Killed a draconian
   406 | D        | Reached skill level 10 in Shields
   409 | D        | Killed a draconian
   410 | D        | Reached skill level 12 in Unarmed Combat
   461 | D        | Entered arena 8.
   461 | D        | Noticed a mummy priest
   465 | D        | Found a transporter.
   465 | D        | Noticed a phantasmal warrior
   480 | D        | Killed a mummy priest
   481 | D        | Reached skill level 10 in Dodging
   508 | D        | Entered arena 9.
   509 | D        | Found a transporter.
   522 | D        | Reached ****** piety under Trog
   522 | D        | Received a gift from Trog
   533 | D        | Entered arena 10.
   534 | D        | Found a transporter.
   567 | D        | Entered arena 11.
   568 | D        | Found a transporter.
   581 | D        | Reached skill level 10 in Fighting
   583 | D        | Reached skill level 10 in Armour
   586 | D        | Received a gift from Trog
   607 | D        | Acquired a manual of Unarmed Combat
   610 | D        | Entered arena 12.
   610 | D        | Noticed a wolf spider
   610 | D        | Noticed a demonic crawler
   610 | D        | Noticed a jorogumo
   610 | D        | Noticed a wolf spider
   610 | D        | Noticed a demonic crawler
   613 | D        | Noticed a torpor snail
   615 | D        | Killed a demonic crawler
   615 | D        | Paralysed by a hornet for 1 turns
   616 | D        | Reached skill level 13 in Unarmed Combat
   619 | D        | Killed a demonic crawler
   620 | D        | Reached XP level 11. HP: 110/119 MP: 10/10
   621 | D        | Killed a jorogumo
   621 | D        | Received a gift from Trog
   625 | D        | Killed a wolf spider
   626 | D        | Reached skill level 14 in Unarmed Combat
   628 | D        | Killed a wolf spider
   628 | D        | Received a gift from Trog
   633 | D        | Found a transporter.
   703 | D        | Entered arena 13.
   703 | D        | Noticed a merfolk javelineer
   703 | D        | Noticed a stone giant
   703 | D        | Noticed a centaur warrior
   704 | D        | Noticed a yaktaur captain
   705 | D        | Identified the +3 mace of the Skies Above {holy, rN+ Int+4
                  | Dex+4}
   705 | D        | Noticed a yaktaur captain
   707 | D        | Found a transporter.
   714 | D        | Killed a stone giant
   718 | D        | Killed a centaur warrior
   719 | D        | Reached skill level 15 in Unarmed Combat
   721 | D        | Slain by a cyclops

Illustrated notes

Levels and vault maps discovered:
D:        sprint_v [room_start, room_1, room_2, room_3, room_4, room_5, room_6,
          room_7, room_8, room_9, room_10, room_11, room_12, room_13, room_14,
          room_15, room_16, room_17, room_18, room_19, room_20, room_21,
          room_22, room_23, room_24, room_25, room_26, room_27]

Skill      XL: |  1  2  3  4  5  6  7  8  9 10 11 |
---------------+----------------------------------+-----
Armour         | 2 4 6 7 9 10 11 | 11.1
Dodging        | 3 5 6 7 8 9 10 11 | 11.5
Shields        | 2 4 6 7 8 9 11 12 | 12.1
Unarmed Combat | 5 7 8 9 10 11 13 15 | 15.0
Fighting       | 4 6 7 9 10 11 | 11.1

Action                     |  1- 3 |  4- 6 |  7- 9 | 10-12 || total
---------------------------+-------+-------+-------+-------++-------
  Melee: Unarmed           |     8 |     8 |    48 |   105 ||   169
 Invoke: Berserk           |     1 |     1 |     1 |     3 ||     6
         Brothers in Arms  |       |       |     1 |     3 ||     4
    Use: Potion            |     1 |       |     1 |       ||     2
         Scroll            |       |       |       |     1 ||     1
 Armour: Gold dragon scale |     4 |     5 |    15 |   117 ||   141
  Dodge: Dodged            |       |       |       |     8 ||     8
  Block: Kite shield       |     7 |     7 |    55 |   201 ||   270

Table legend: (Time is in decaauts)
 A = Elapsed time spent in this place.
 B = Non-inter-level travel time spent in this place.
 C = Inter-level travel time spent in this place.
 D = Time resting spent in this place.
 E = Time spent auto-exploring this place.
 F = Levels seen in this place.
 G = Mean time per level.
                   A        B        C        D        E       F      G
               +--------+--------+--------+--------+--------+-----+--------+
         Total |    714 |    714 |      0 |    313 |     18 |   1 |  714.0 |
       Dungeon |    714 |    714 |      0 |    313 |     18 |   1 |  714.0 |
               +--------+--------+--------+--------+--------+-----+--------+

Top non-repeatable levels by time:
       D: 714 daAuts
